 Dungeon Crawl Stone Soup version 0.31-b1-18-g61460d1e46 (webtiles) character file.

Game seed: 18300408540645199429

74 groovy9 the Conjurer (level 3, -4/26 HPs)
             Began as a Demigod Conjurer on Jan 17, 2024.
             Slain by Grinder (7 damage)
             ... while paralysed by Grinder
             ... on level 3 of the Dungeon.
             The game lasted 00:06:39 (2443 turns).

groovy9 the Conjurer (Demigod Conjurer)             Turns: 2443, Time: 00:06:39

Health: -4/26      AC:  2    Str:  8    XL:     3   Next: 86%
Magic:  0/3        EV:  2    Int: 24    God:
Gold:   59         SH:  0    Dex: 12    Spells: 4/7 levels left

rFire   . . .        l - +2 hand axe (antimagic)
rCold   . . .        (no shield)
rNeg    . . .        a - +0 robe
rPois   .            (no helmet)
rElec   .            (no cloak)
rCorr   .            (no gloves)
SInv    +            (no boots)
Will    .....        (no amulet)
Stlth   ++           j - ring of see invisible
HPRegen 0.24/turn    (no ring)
MPRegen 0.08/turn

%: no passive effects
@: paralysed
A: high MP 1, forlorn, divine attributes
a: no special abilities


You were on level 3 of the Dungeon.
You visited 1 branch of the dungeon, and saw 3 of its levels.

You collected 59 gold pieces.

Inventory:

Hand Weapons
 l - a +2 antimagic hand axe (weapon)
Armour
 a - a +0 robe (worn)
Jewellery
 f - a ring of positive energy
 j - a ring of see invisible (left hand)
Scrolls
 c - a scroll of silence {unknown}
 e - 2 scrolls of enchant weapon {unknown}
 g - 2 scrolls of identify {unknown}
 i - a scroll of teleportation {unknown}
Potions
 b - a potion of magic
 d - a potion of curing {unknown}
 h - a potion of attraction {unknown}
 k - a potion of mutation {unknown}


   Skills:
 - Level 1.7 Dodging
 - Level 1.7 Stealth
 + Level 2.9 Spellcasting
 + Level 4.4 Conjurations


You had 4 spell levels left.
You knew the following spells:

 Your Spells              Type           Power      Damage    Failure   Level
a - Magic Dart            Conj           96%        1d7       1%          1
b - Searing Ray           Conj           48%        2d6       2%          2

Your spell library contained the following spells:

 Spells                   Type           Power      Damage    Failure   Level
 Fulminant Prism          Conj/Alch      7%         3d6       41%         4
 Iskenderun's Mystic Bla  Conj/Tloc      14%        2d5       41%         4


Dungeon Overview and Level Annotations

Branches:
Dungeon (3/15)

Shops:
D:1 (

Annotations:
D:3 Grinder, Jessica


Innate Abilities, Weirdness & Mutations

You have an increased reservoir of magic. (+10% MP)
You shall have no god before yourself.
Your divine heritage dramatically boosts your attributes as you level up.


Message History

There are monsters nearby!
Casting: Searing Ray (safe; 2% risk of failure)
Confirm with . or Enter, or press ? or * to list all spells.
You don't have enough magic to cast this spell.
Unknown command.
Casting: Searing Ray (safe; 2% risk of failure)
Confirm with . or Enter, or press ? or * to list all spells.
You don't have enough magic to cast this spell.
Okay, then.
Magic courses through your body.
Grinder says, "Just stop there for a second..."
Grinder hits you but does no damage.
Casting: Searing Ray (safe; 2% risk of failure)
Confirm with . or Enter, or press ? or * to list all spells.
Aiming: Searing Ray (safe; 2% risk of failure)
Press: ? - help, Shift-Dir - straight line, f/p - Grinder
Aim: Grinder (77% to hit)
The searing ray hits Grinder!
Grinder is lightly wounded. (Press . to maintain the ray.) Grinder hits you.
You writhe in agony.
Casting: Searing Ray (safe; 2% risk of failure)
Confirm with . or Enter, or press ? or * to list all spells.
You don't have enough magic to cast this spell.
The searing ray hits Grinder.
Grinder is moderately wounded.
Grinder hits you.
You writhe in agony.
Without enough magic to sustain it, your searing ray dissipates.
Grinder hits you.
* * * LOW HITPOINT WARNING * * *
Grinder hits you.
* * * LOW HITPOINT WARNING * * *
There is a stone staircase leading up here.
Grinder says, "Wait up."
Grinder gestures at you.
You suddenly lose the ability to move!
You stop ascending the stairs.
Grinder hits you but does no damage. Grinder hits you!
You die...
Grinder sighs, "Dead already?
I want a refund."

#.........#
#
#.....#####
# #....## #
.. #....#
#..# ...#
#....+ ...+
. ... #
#....###.#
.. .. #
#....+....
... . #
#....#.#.#
..@. #
###+#@.#.#
..... #
#@5#.#......
#
#...........
#
##.#.###+###
# #.#... #
#.###.# #
#.# .# # #.#
# # #.# #


You could see Grinder and Jessica.

Vanquished Creatures
  An adder (D:3)
  3 dart slugs
  2 ribbon worms
  An orc (D:3)
  4 ball pythons
  7 endoplasms
  A giant cockroach (D:1)
  5 goblins
  5 hobgoblins
  3 jackals (D:2)
  3 kobolds
  2 quokkas (D:1)
  3 bats
  4 frilled lizards
  5 rats
49 creatures vanquished.

Notes
Turn   | Place    | Note
-------+----------+-------------------------------------------
     0 | D:1      | groovy9 the Demigod Conjurer began the quest for the Orb.
     0 | D:1      | Reached XP level 1. HP: 14/14 MP: 5/5
   274 | D:1      | Reached XP level 2. HP: 18/20 MP: 1/7
   407 | D:1      | Reached skill level 4 in Conjurations
   768 | D:1      | Found Nylirchu's Weapon Boutique.
   817 | D:1      | Learned a level 2 spell: Searing Ray
  1084 | D:2      | Reached XP level 3. HP: 26/26 MP: 4/9
  2403 | D:3      | Noticed Grinder
  2430 | D:3      | Noticed Jessica
  2441 | D:3      | Paralysed by Grinder for 3 turns
  2443 | D:3      | Slain by Grinder

Illustrated notes

Levels and vault maps discovered:
D:1:      amcnicky_arrival_wind_blow, layout_loops_cross, serial_shops,
          nicolae_shop_bloodbath_and_beyond, hangedman_glass_teeth
D:2:      layout_basic, glass_columns_c
D:3:      layout_basic, uniq_jessica, uniq_grinder

Skill      XL: |  1  2 |
---------------+-------+-----
Spellcasting   | 2 |  2.9
Conjurations   | 4 |  4.4
Dodging        | |  1.7
Stealth        | |  1.7

Action                     || total
---------------------------++-------
  Melee: Short sword       ||     2
   Cast: Magic Dart        ||    71
         Searing Ray       ||    13
    Use: Potion            ||     1
 Armour: Robe              ||    10
  Dodge: Dodged            ||     8
